 Dungeon Crawl Stone Soup version 0.27-a0-681-g0c81a3c1c3 (webtiles) character file.

Game seed: 15432727285001583274

163 rjrrt the Chopper (level 5, -5/46 HPs)
             Began as a Hill Orc Monk on Mar 19, 2021.
             Killed by divine providence
             ... invoked by an orc priest
              (17 damage)
             ... on level 3 of the Dungeon.
             The game lasted 00:05:42 (3831 turns).

rjrrt the Chopper (Hill Orc Monk)                   Turns: 3831, Time: 00:05:42

Health: -5/46      AC: 10    Str: 15    XL:     5   Next: 44%
Magic:  5/5        EV:  4    Int: 10    God:
Gold:   53         SH:  0    Dex: 13    Spells: 4/4 levels left

rFire    . . .     SeeInvis .   a - +0 hand axe
rCold    . . .     Faith    .   (no shield)
rNeg     . . .     Spirit   .   j - +0 plate armour
rPois    .         Reflect  .   (no helmet)
rElec    .         Harm     .   (no cloak)
rCorr    +         Rampage  .   (no gloves)
Will     .....                  (no boots)
Stlth    ..........             (no amulet)
HPRegen  0.15/turn              e - ring of resist corrosion
MPRegen  0.09/turn              (no ring)

@: no status effects
A: no striking features
a: Convert to Beogh


You were on level 3 of the Dungeon.
You visited 1 branch of the dungeon, and saw 3 of its levels.

You collected 157 gold pieces.
You spent 104 gold pieces at shops.

Inventory:

Hand Weapons
 a - a +0 hand axe (weapon)
 m - a +0 flail
 n - a +0 spear
Armour
 j - a +0 plate armour (worn)
Jewellery
 e - a ring of resist corrosion (right hand)
 i - a ring of fire
Scrolls
 d - 2 scrolls of identify {unknown}
 f - 2 scrolls of brand weapon {unknown}
 g - 4 scrolls of teleportation {unknown}
 l - 3 scrolls of random uselessness {unknown}
 o - a scroll of silence {unknown}
 p - a scroll of noise {unknown}
Potions
 b - a potion of cancellation {unknown}
 c - a potion of degeneration {unknown}
 h - a potion of mutation {unknown}
 k - a potion of curing
 q - a potion of heal wounds {unknown}


   Skills:
 + Level 4.1 Fighting
 * Level 7.2 Axes
 + Level 1.5 Armour
 - Level 2.4 Dodging
 - Level 1.5 Stealth


You had 4 spell levels left.
You didn't know any spells.
Your spell library was empty.

Dungeon Overview and Level Annotations

Branches:
Dungeon (3/15)

Altars:
Hepliaklqana
Qazlal
Ru

Shops:
D:3 *


Message History

You hit the orc priest but do no damage.
You hit the orc wizard but do no damage.
The orc priest shouts, "Surrender to Beogh and we'll let you live!"
The orc priest hits you but does no damage.
The orc wizard hits you but does no damage.
Unknown command.
The orc priest shouts, "Beogh is our master!
Accept the truth or die!"
You hit the orc priest.
The orc priest is lightly wounded.
You hit the orc wizard.
The orc priest hits you but does no damage.
The orc wizard hits you but does no damage.
Unknown command.
You hit the orc priest.
The orc priest is moderately wounded.
You hit the orc wizard.
The orc priest hits you with a +0 falchion.
The orc wizard hits you but does no damage.
Unknown command.
You barely miss the orc priest.
The orc priest is moderately wounded.
You hit the orc wizard but do no damage.
The orc priest mumbles some strange prayers to Beogh against you.
You barely resist.
The orc wizard hits you with a +0 dagger.
You hit the orc priest but do no damage.
The orc priest shouts, "Join the one true god or die!"
The orc priest is moderately wounded.
You hit the orc wizard but do no damage.
The orc priest invokes the aid of Beogh against you.
Beogh smites you!
The orc wizard gestures at you while chanting.
The magic dart hits you.
* * * LOW HITPOINT WARNING * * *
You hit the orc priest but do no damage.
The orc priest is moderately wounded.
You closely miss the orc wizard.
The orc priest calls down the wrath of Beogh upon you.
Beogh smites you!
You die...

# #..#.#.#.# #########'###. #
#..#.#.#.# #......[...##. #
#..#.#.#.######..........##. #
#..#...#.................##. #
#..########........####.###.
######.........'........# #.###.
'......#########........####...#+
######## #<........#........ #
#.@.......#........ #
#.oo......#......)† #
###........#.......( #
#..)......##........ #
#.........##........
#.........##[.......
#########.........##########
...o..............# #..
......g....#####'## #..


You could see an orc priest and an orc wizard.

Vanquished Creatures
  An orc wizard (D:3)
  4 gnolls (D:3)
  2 adders
  2 oozes
  A dart slug (D:3)
  A leopard gecko (D:1)
  4 orcs (D:3)
  7 bats
  2 giant cockroaches (D:1)
  6 goblins
  11 hobgoblins
  4 jackals (D:1)
  6 kobolds
  2 quokkas (D:2)
  5 ball pythons
  2 frilled lizards (D:3)
  7 rats
67 creatures vanquished.

Vanquished Creatures (others)
  A goblin (D:1)
  9 plants
10 creatures vanquished.

Grand Total: 77 creatures vanquished

Notes
Turn   | Place    | Note
-------+----------+-------------------------------------------
     0 | D:1      | rjrrt the Hill Orc Monk began the quest for the Orb.
     0 | D:1      | Reached XP level 1. HP: 19/19 MP: 1/1
   350 | D:1      | Reached XP level 2. HP: 9/26 MP: 2/2
   774 | D:1      | Reached skill level 5 in Axes
   968 | D:1      | Reached XP level 3. HP: 11/31 MP: 3/3
  1753 | D:2      | Reached skill level 6 in Axes
  2036 | D:2      | Found a hazy altar of Hepliaklqana.
  2218 | D:2      | Reached XP level 4. HP: 34/39 MP: 4/4
  2463 | D:2      | Found a stormy altar of Qazlal.
  2865 | D:3      | Found Meahemot's Assorted Antiques.
  2905 | D:3      | Bought a fizzy emerald potion for 19 gold pieces
  2905 | D:3      | Bought an orange potion for 19 gold pieces
  2905 | D:3      | Bought 3 scrolls labelled XEFOEN HUOSIZI for 66 gold pieces
  2933 | D:3      | Reached skill level 1 in Armour
  2988 | D:3      | Reached XP level 5. HP: 33/46 MP: 5/5
  3002 | D:3      | Reached skill level 7 in Axes
  3715 | D:3      | Found a sacrificial altar of Ru.
  3831 | D:3      | Killed from afar by an orc priest

Illustrated notes

Levels and vault maps discovered:
D:1:      eino_arrival_cavern_a, layout_basic, serial_bayou_pond_b,
          lemuel_old_faithful
D:2:      layout_rooms, nzn_hepliaklqana_mist_gate,
          nicolae_qazlal_eye_of_the_storm, serial_bayou_pond_d
D:3:      layout_basic, general_overflow_altar, serial_shops,
          nicolae_shop_overgrown_old_shop

Skill      XL: |  1  2  3  4  5 |
---------------+----------------+-----
Axes           | 5 6 7 |  7.2
Armour         | 1 |  1.5
Fighting       | 4 |  4.1
Dodging        | |  2.4
Stealth        | |  1.5

Action                   |  1- 3 |  4- 6 || total
-------------------------+-------+-------++-------
Melee: Hand axe          |   146 |   140 ||   286
 Stab: Sleeping          |     5 |       ||     5
Armor: Robe              |    26 |     3 ||    29
       Plate armour      |       |    74 ||    74
Dodge: Dodged            |    95 |    24 ||   119

Table legend: (Time is in decaauts)
 A = Elapsed time spent in this place.
 B = Non-inter-level travel time spent in this place.
 C = Inter-level travel time spent in this place.
 D = Time resting spent in this place.
 E = Time spent auto-exploring this place.
 F = Levels seen in this place.
 G = Mean time per level.
                   A        B        C        D        E       F      G
               +--------+--------+--------+--------+--------+-----+--------+
         Total |   3836 |   3741 |     95 |   1161 |   1931 |   3 | 1278.7 |
       Dungeon |   3836 |   3741 |     95 |   1161 |   1931 |   3 | 1278.7 |
               +--------+--------+--------+--------+--------+-----+--------+

Top non-repeatable levels by time:
     D:1: 1627 daAuts
     D:3: 1155 daAuts
     D:2: 1053 daAuts
